 Dungeon Crawl Stone Soup version 0.28-a0-537-g3bccd9ccbf (webtiles) character file.

Game seed: 16920465990586792777

118 timneilson the Covered (level 5, -11/33 HPs)
             Began as a Gargoyle Fighter on Sept 28, 2021.
             Killed by divine providence
             ... invoked by an orc priest
              (15 damage)
             ... on level 3 of the Dungeon.
             The game lasted 00:03:01 (2305 turns).

timneilson the Covered (Gargoyle Fighter)           Turns: 2305, Time: 00:03:02

Health: -11/33     AC: 11    Str: 20    XL:     5   Next: 2%
Magic:  5/5        EV: 14    Int:  9    God:
Gold:   86         SH:  4    Dex:  9    Spells: 4/4 levels left

rFire   + . .      SeeInvis .   a - +0 long sword
rCold   . . .      Faith    .   c - +0 buckler
rNeg    + . .      Spirit   .   b - +0 scale mail
rPois   ∞          Reflect  .   (no helmet)
rElec   +          Harm     .   (no cloak)
rCorr   .          Rampage  .   (no gloves)
Will    .....                   (no boots)
Stlth   ..........              (no amulet)
HPRegen 0.11/turn               j - ring of protection from fire
MPRegen 0.09/turn               k - +4 ring of evasion

@: mighty
A: sickness immunity, AC +4, negative energy resistance 1, electricity
resistance, torment resistance 1, petrification resistance
a: no special abilities


You were on level 3 of the Dungeon.
You visited 1 branch of the dungeon, and saw 3 of its levels.

You collected 86 gold pieces.

Inventory:

Hand Weapons
 a - a +0 long sword (weapon)
Armour
 b - a +0 scale mail (worn)
 c - a +0 buckler (worn)
 i - a +0 plate armour
Jewellery
 h - a ring of resist corrosion
 j - a ring of protection from fire (left hand)
 k - a +4 ring of evasion (right hand)
 m - a ring of positive energy
 o - a ring of flight
Scrolls
 g - 2 scrolls of identify
 l - 2 scrolls of teleportation
 n - a scroll of immolation {unknown}
 p - a scroll of enchant weapon {unknown}
Potions
 e - a potion of lignification
 f - a potion of attraction


   Skills:
 + Level 3.6 Fighting
 * Level 2.6 Long Blades
 * Level 4.2 Armour
 + Level 1.0 Dodging
 * Level 4.2 Shields


You had 4 spell levels left.
You didn't know any spells.
Your spell library contained the following spells:

 Spells                   Type           Power      Damage    Failure   Level
 Ensorcelled Hibernation  Hex/Ice        0%         N/A       86%         2
 Gell's Gravitas          Tloc           0%         N/A       97%         3
 Lesser Beckoning         Tloc           0%         N/A       97%         3
 Spider Form              Tmut/Pois      0%         N/A       97%         3
 Teleport Other           Tloc           0%         N/A       97%         3


Dungeon Overview and Level Annotations

Branches:
Dungeon (3/15)

Altars:

Annotations:
D:3 2 runed translucent doors, Demosthentine's ghost, amateur MfGl


Innate Abilities, Weirdness & Mutations

You are immune to sickness and miasma.
Your stone body is resilient. (AC +4)
You are immune to poison.
You resist negative energy. (rN+)
You are resistant to electric shocks. (rElec)
You are resistant to unholy torment.
You are immune to petrification.


Message History

The ball python constricts you.
You closely miss the ball python. The ball python barely misses you.
The ball python constricts you.
The orc priest casts a cantrip, but nothing happens.
You closely miss the ball python.
The ball python bites you but does no damage.
The ball python constricts you.
The ball python bites you but does no damage.
The ball python constricts you.
The orc priest looks encouraged for a moment.
You slash the ball python!
You kill the ball python!
You closely miss the orc priest.
The orc priest hits you but does no damage.
You slash the orc priest!
The orc priest is severely wounded.
The orc priest barely misses you.
The orc priest calls down the wrath of Beogh upon you.
Beogh smites you!
* * * LOW HITPOINT WARNING * * *
The orc priest closely misses you.
You hear a shout!
You slash the orc priest!
You kill the orc priest!
You block the orc priest's attack.
Your Dodging skill increases to level 1!
You have reached level 5!
You barely miss the orc priest. The orc priest closely misses you.
You barely miss the orc priest.
The orc priest hits you but does no damage.
You hit the orc priest.
The orc priest is moderately wounded.
You block the orc priest's attack.
The orc priest hits you with a +0 dagger.
* * * LOW HITPOINT WARNING * * *
You hit the orc priest.
The orc priest is heavily wounded.
The orc priest calls down the wrath of Beogh upon you.
Beogh smites you!
You die...

####### #......
#.....o #....o.
#>..... #...####
#.....######
.......##o#.[..#
....... #@#....#
....... #......#
#+###+# ###....#
##. #.....#
...####.<...#
#...........#
#..........##
#[.........#
#..........#


You could see an orc priest.

Vanquished Creatures
  An orc priest (D:3)
  4 adders
  A dart slug (D:3)
  An orc (D:3)
  4 ball pythons
  6 endoplasms (D:1)
  2 giant cockroaches
  4 goblins
  4 hobgoblins
  A quokka (D:2)
  4 bats
  7 frilled lizards
  8 kobolds
  4 rats
51 creatures vanquished.

Notes
Turn   | Place    | Note
-------+----------+-------------------------------------------
     0 | D:1      | timneilson the Gargoyle Fighter began the quest for the
                  | Orb.
     0 | D:1      | Reached XP level 1. HP: 14/14 MP: 1/1
   455 | D:1      | Reached XP level 2. HP: 19/19 MP: 2/2
   960 | D:1      | Reached XP level 3. HP: 23/23 MP: 3/3
  1788 | D:2      | Reached XP level 4. HP: 23/28 MP: 4/4
  2125 | D:3      | Found a large runed translucent door.
  2130 | D:3      | Found a large runed translucent door.
  2130 | D:3      | Noticed Demosthentine's ghost (amateur MfGl)
  2302 | D:3      | Reached skill level 1 in Dodging
  2302 | D:3      | Reached XP level 5. HP: 4/33 MP: 5/5
  2305 | D:3      | Killed from afar by an orc priest

Illustrated notes

Levels and vault maps discovered:
D:1:      pf_arrival_petrified_forest, layout_rooms, minmay_misc_feat_plants,
          serial_bayou_ford_a, roderic_serpentine_path
D:2:      layout_basic
D:3:      layout_basic, ebering_ghost_disaster_area

Skill      XL: |  1  2  3  4 |
---------------+-------------+-----
Long Blades    | 2 |  2.6
Armour         | 4 |  4.2
Shields        | 4 |  4.2
Dodging        | 1 |  1.0
Fighting       | |  3.6

Action                   |  1- 3 |  4- 6 || total
-------------------------+-------+-------++-------
Melee: Long sword        |   121 |    50 ||   171
  Use: Scroll            |     4 |     2 ||     6
       Potion            |       |     1 ||     1
Armor: Scale mail        |    58 |    23 ||    81
Dodge: Dodged            |    56 |    33 ||    89
Block: Buckler           |    30 |    13 ||    43

Table legend: (Time is in decaauts)
 A = Elapsed time spent in this place.
 B = Non-inter-level travel time spent in this place.
 C = Inter-level travel time spent in this place.
 D = Time resting spent in this place.
 E = Time spent auto-exploring this place.
 F = Levels seen in this place.
 G = Mean time per level.
                   A        B        C        D        E       F      G
               +--------+--------+--------+--------+--------+-----+--------+
         Total |   2360 |   2342 |     18 |      0 |   1911 |   3 |  786.7 |
       Dungeon |   2360 |   2342 |     18 |      0 |   1911 |   3 |  786.7 |
               +--------+--------+--------+--------+--------+-----+--------+

Top non-repeatable levels by time:
     D:1: 1199 daAuts
     D:2: 938 daAuts
     D:3: 222 daAuts
